| TOP OF THE 1ST |
|
San Diego Padres batting - Pitching for San Francisco Giants : LHP Floyd Bannister
|
|
Pitching: LHP Floyd Bannister
|
|
|
Batting: RHB Dennis Dungy
|
0-0: Swinging Strike 0-1: Ball 1-1: Ball 2-1: Foul Ball, location: 2F 2-2: SINGLE (Groundball, 6D, EV 99.4 MPH)
|
|
Batting: RHB Bob Dernier
|
0-0: Ball 1-0: Called Strike 1-1: Swinging Strike 1-2: Ball 2-2: Ball Dennis Dungy steals 2nd base 3-2: Foul Ball, location: 2F 3-2: Fly out, F8 (Flyball, 78D, EV 90.6 MPH)
|
|
Batting: LHB Mike Cole
|
0-0: Called Strike 0-1: Foul Ball, location: 2F 0-2: SINGLE (Flyball, 4D, EV 97.5 MPH) Dennis Dungy to third Runner from 3rd tries for Home, SAFE, throw by CF to home
|
|
Batting: RHB Eddy Martinez
|
0-0: Called Strike 0-1: Fly out, F9 (Flyball, 9LD, EV 90.6 MPH)
|
|
Batting: RHB Joel Youngblood
|
0-0: Ball 1-0: Ball 2-0: Ball 3-0: Called Strike 3-1: Fly out, F9 (Flyball, 9LD, EV 90.0 MPH)
|
| Top of the 1st over - 1 run, 2 hits, 0 errors, 1 left on base; San Diego 1 - San Francisco 0 |
| BOTTOM OF THE 1ST |
|
San Francisco Giants batting - Pitching for San Diego Padres : LHP Bryan Hardy
|
|
Pitching: LHP Bryan Hardy
|
|
|
Batting: SHB Kevin Bass
|
0-0: Ball 1-0: Swinging Strike 1-1: Ball 2-1: Foul Ball, location: 2F 2-2: Foul Ball, location: 2F 2-2: Strikes out swinging
|
|
Batting: LHB Ken Griffey Sr
|
0-0: Called Strike 0-1: Swinging Strike 0-2: Ball 1-2: Ball 2-2: Foul Ball, location: 2F 2-2: Foul Ball, location: 2F 2-2: Ball 3-2: Base on Balls
|
|
Batting: LHB Keith Hernandez
|
0-0: Ball 1-0: Fly out, F6 (Popup, 6S, EV 71.3 MPH)
|
|
Batting: RHB Phil Bailey
|
0-0: SINGLE (Line Drive, 89S, EV 90.0 MPH) Ken Griffey Sr to second Runner from 2nd tries for 3rd, SAFE, throw by RF made to third
|
|
Batting: RHB Don Slaught
|
0-0: Fielders Choice at 2nd, 5-4 (Groundball, 56, EV 89.4 MPH)
|
| Bottom of the 1st over - 0 runs, 1 hit, 0 errors, 2 left on base; San Diego 1 - San Francisco 0 |
| TOP OF THE 2ND |
|
San Diego Padres batting - Pitching for San Francisco Giants : LHP Floyd Bannister
|
|
Batting: LHB Tom Dunbar
|
0-0: Ball 1-0: Ball 2-0: Ball 3-0: Called Strike 3-1: Base on Balls
|
|
Batting: RHB Heriberto Soltero
|
0-0: Ball 1-0: Ball 2-0: Reached on error, E3 (Groundball, 3S, EV 43.8 MPH) Tom Dunbar to third
|
|
Batting: LHB Jeffrey Zitek
|
0-0: Ball 1-0: Called Strike 1-1: Called Strike 1-2: Ball 2-2: Strikes out looking
|
|
Batting: RHB Bryan Hardy
|
0-0: Ball 1-0: Ball 2-0: Foul Ball, location: 2F 2-1: Swinging Strike 2-2: Strikes out swinging
|
|
Batting: RHB Dennis Dungy
|
0-0: Foul Ball, location: 2F 0-1: Ball 1-1: Swinging Strike 1-2: Ball 2-2: Foul Ball, location: 2F 2-2: Ball 3-2: Ground out 5-3 (Groundball, 5, EV 85.0 MPH)
|
| Top of the 2nd over - 0 runs, 0 hits, 1 error, 2 left on base; San Diego 1 - San Francisco 0 |
| BOTTOM OF THE 2ND |
|
San Francisco Giants batting - Pitching for San Diego Padres : LHP Bryan Hardy
|
|
Batting: SHB Tyler O'Dell
|
0-0: Called Strike 0-1: Ball 1-1: Ball 2-1: Ball 3-1: Foul Ball, location: 2F 3-2: Fly out, F9 (Flyball, 89D, EV 89.4 MPH)
|
|
Batting: RHB Kevin Howard
|
0-0: Swinging Strike 0-1: Ball 1-1: Called Strike 1-2: Ball 2-2: Ball 3-2: Foul Ball, location: 2F 3-2: Ground out 6-3 (Groundball, 6S, EV 79.4 MPH)
|
|
Batting: RHB Billy L Smith
|
0-0: Ball 1-0: Ball 2-0: Foul Ball, location: 2F 2-1: Ball 3-1: Foul Ball, location: 2F 3-2: Foul Ball, location: 2F 3-2: Base on Balls
|
|
Batting: LHB Floyd Bannister
|
0-0: Ball 1-0: SINGLE (Groundball, 4MD, EV 97.5 MPH) Billy L Smith to second Runner from 2nd tries for 3rd, SAFE, throw by CF made to third
|
|
Batting: SHB Kevin Bass
|
0-0: Ball 1-0: Called Strike 1-1: Ball 2-1: Ball 3-1: Swinging Strike 3-2: Foul Ball, location: 2F 3-2: Ground out 5-3 (Groundball, 56S, EV 63.8 MPH)
|
| Bottom of the 2nd over - 0 runs, 1 hit, 0 errors, 2 left on base; San Diego 1 - San Francisco 0 |
| TOP OF THE 3RD |
|
San Diego Padres batting - Pitching for San Francisco Giants : LHP Floyd Bannister
|
|
Batting: RHB Bob Dernier
|
0-0: Ground out 3-1 (Groundball, 34, EV 87.5 MPH)
|
|
Batting: LHB Mike Cole
|
0-0: Ball 1-0: Called Strike 1-1: Foul Ball, location: 2F 1-2: Ground out 5-3 (Groundball, 56S, EV 63.8 MPH)
|
|
Batting: RHB Eddy Martinez
|
0-0: SINGLE (Groundball, 6MD, EV 95.6 MPH)
|
|
Batting: RHB Joel Youngblood
|
0-0: Ball 1-0: Called Strike 1-1: Swinging Strike 1-2: Strikes out looking
|
| Top of the 3rd over - 0 runs, 1 hit, 0 errors, 1 left on base; San Diego 1 - San Francisco 0 |
| BOTTOM OF THE 3RD |
|
San Francisco Giants batting - Pitching for San Diego Padres : LHP Bryan Hardy
|
|
Batting: LHB Ken Griffey Sr
|
0-0: Ball 1-0: Ball 2-0: Called Strike 2-1: Called Strike 2-2: Foul Ball, location: 2F 2-2: Ball 3-2: Reached on error, E5 (Groundball, 5, EV 105.0 MPH)
|
|
Batting: LHB Keith Hernandez
|
0-0: Ball 1-0: Foul Ball, location: 2F 1-1: Ball 2-1: Foul Ball, location: 2F 2-2: Strikes out swinging
|
|
Batting: RHB Phil Bailey
|
0-0: Ball 1-0: Ball 2-0: Ball 3-0: Called Strike 3-1: Base on Balls
|
|
Batting: RHB Don Slaught
|
0-0: Ball Ken Griffey Sr steals 3rd base (no throw) Phil Bailey to second 1-0: Ball 2-0: Ball 3-0: Called Strike 3-1: Foul Ball, location: 2F 3-2: Base on Balls
|
|
Batting: SHB Tyler O'Dell
|
0-0: Ball 1-0: Swinging Strike 1-1: Fly out, F8 (Flyball, 78M, EV 94.4 MPH) Runner from 3rd tags up, SCORES, throw by CF
|
|
Batting: RHB Kevin Howard
|
0-0: Ball 1-0: Ball 2-0: Fly out, F8 (Flyball, 8LXD, EV 93.8 MPH)
|
| Bottom of the 3rd over - 1 run, 0 hits, 1 error, 2 left on base; San Diego 1 - San Francisco 1 |
| TOP OF THE 4TH |
|
San Diego Padres batting - Pitching for San Francisco Giants : LHP Floyd Bannister
|
|
Batting: LHB Tom Dunbar
|
0-0: Ball 1-0: Ball 2-0: Called Strike 2-1: Called Strike 2-2: Strikes out swinging
|
|
Batting: RHB Heriberto Soltero
|
0-0: Swinging Strike 0-1: Ball 1-1: Swinging Strike 1-2: Foul Ball, location: 2F 1-2: Foul Ball, location: 2F 1-2: Ball 2-2: DOUBLE (Flyball, 8RXD, EV 90.0 MPH)
|
|
Batting: LHB Jeffrey Zitek
|
0-0: Ball 1-0: Called Strike 1-1: Ball 2-1: Ground out 5-3 (Groundball, 56, EV 81.9 MPH)
|
|
Batting: RHB Bryan Hardy
|
0-0: Called Strike 0-1: Foul Ball, location: 2F 0-2: Ball 1-2: Strikes out looking
|
| Top of the 4th over - 0 runs, 1 hit, 0 errors, 1 left on base; San Diego 1 - San Francisco 1 |
| BOTTOM OF THE 4TH |
|
San Francisco Giants batting - Pitching for San Diego Padres : LHP Bryan Hardy
|
|
Batting: RHB Billy L Smith
|
0-0: Called Strike 0-1: Swinging Strike 0-2: Strikes out swinging
|
|
Batting: LHB Floyd Bannister
|
0-0: Swinging Strike 0-1: Ball 1-1: Foul Ball, location: 2F 1-2: Ball 2-2: Strikes out swinging
|
|
Batting: SHB Kevin Bass
|
0-0: Ball 1-0: Ball 2-0: Ground out 6-3 (Groundball, 6, EV 90.0 MPH)
|
| Bottom of the 4th over - 0 runs, 0 hits, 0 errors, 0 left on base; San Diego 1 - San Francisco 1 |
| TOP OF THE 5TH |
|
San Diego Padres batting - Pitching for San Francisco Giants : LHP Floyd Bannister
|
|
Batting: RHB Dennis Dungy
|
0-0: Ball 1-0: Fly out, F4 (Popup, 4M, EV 58.1 MPH)
|
|
Batting: RHB Bob Dernier
|
0-0: SINGLE (Groundball, 6D, EV 96.9 MPH)
|
|
Batting: LHB Mike Cole
|
0-0: Ball 1-0: Ball 2-0: Ball Bob Dernier steals 2nd base (no throw) 3-0: Called Strike 3-1: Ground out 6-3 (Groundball, 6S, EV 86.3 MPH) Bob Dernier to third
|
|
Batting: RHB Eddy Martinez
|
0-0: Ball 1-0: Fly out, F9 (Flyball, 89XD, EV 104.4 MPH)
|
| Top of the 5th over - 0 runs, 1 hit, 0 errors, 1 left on base; San Diego 1 - San Francisco 1 |
| BOTTOM OF THE 5TH |
|
San Francisco Giants batting - Pitching for San Diego Padres : LHP Bryan Hardy
|
|
Batting: LHB Ken Griffey Sr
|
0-0: Foul Ball, location: 2F 0-1: Called Strike 0-2: Ball 1-2: SINGLE (Groundball, 4MD, EV 101.3 MPH) (infield hit)
|
|
Batting: LHB Keith Hernandez
|
0-0: Called Strike 0-1: Ball 1-1: Ball 2-1: Foul Ball, location: 2F 2-2: Fly out, F8 (Line Drive, 8RD, EV 93.1 MPH)
|
|
Batting: RHB Phil Bailey
|
0-0: Ball 1-0: Called Strike 1-1: Ball 2-1: Ball 3-1: Fielders Choice at 2nd, 5-4 (Groundball, 56, EV 92.5 MPH)
|
|
Batting: RHB Don Slaught
|
0-0: Called Strike 0-1: Fly out, F8 (Flyball, 8LM, EV 96.9 MPH)
|
| Bottom of the 5th over - 0 runs, 1 hit, 0 errors, 1 left on base; San Diego 1 - San Francisco 1 |
| TOP OF THE 6TH |
|
San Diego Padres batting - Pitching for San Francisco Giants : LHP Floyd Bannister
|
|
Batting: RHB Joel Youngblood
|
0-0: SINGLE (Line Drive, 3D, EV 98.8 MPH)
|
|
Batting: LHB Tom Dunbar
|
0-0: Called Strike 0-1: Fielders Choice at 2nd, 4-6 (Groundball, 4, EV 98.8 MPH)
|
|
Batting: RHB Heriberto Soltero
|
0-0: Foul Ball, location: 2F 0-1: Called Strike 0-2: Fly out, F8 (Line Drive, 8RM, EV 105.6 MPH)
|
|
Batting: LHB Jeffrey Zitek
|
0-0: Foul Ball, location: 2F 0-1: Fly out, F8 (Flyball, 78D, EV 97.5 MPH)
|
| Top of the 6th over - 0 runs, 1 hit, 0 errors, 1 left on base; San Diego 1 - San Francisco 1 |
| BOTTOM OF THE 6TH |
|
San Francisco Giants batting - Pitching for San Diego Padres : LHP Bryan Hardy
|
|
Batting: SHB Tyler O'Dell
|
0-0: Ground out 4-3 (Groundball, 4, EV 83.8 MPH)
|
|
Batting: RHB Kevin Howard
|
0-0: Ground out 4-3 (Groundball, 4, EV 101.3 MPH)
|
|
Batting: RHB Billy L Smith
|
0-0: Ball 1-0: Called Strike 1-1: Called Strike 1-2: Strikes out swinging
|
| Bottom of the 6th over - 0 runs, 0 hits, 0 errors, 0 left on base; San Diego 1 - San Francisco 1 |
| TOP OF THE 7TH |
|
San Diego Padres batting - Pitching for San Francisco Giants : LHP Floyd Bannister
|
|
Batting: RHB Bryan Hardy
|
0-0: Called Strike 0-1: Ball 1-1: Called Strike 1-2: Ball 2-2: Ball 3-2: Ground out 4-3 (Groundball, 4, EV 92.5 MPH)
|
|
Batting: RHB Dennis Dungy
|
0-0: Ball 1-0: Called Strike 1-1: Foul Ball, location: 2F 1-2: Ball 2-2: Ball 3-2: Hit by Pitch
|
|
Batting: RHB Bob Dernier
|
0-0: Ball 1-0: Foul Ball, location: 2F 1-1: Foul Ball, location: 2F 1-2: DOUBLE (Line Drive, 89XD, EV 112.5 MPH) Dennis Dungy to third Runner from 3rd tries for Home, SAFE, throw by RF to trailing runner, SAFE at third!
|
|
Batting: LHB Mike Cole
|
0-0: Ball 1-0: Called Strike 1-1: Foul Ball, location: 2F 1-2: Ball 2-2: Ball 3-2: Hit by Pitch
|
|
Batting: RHB Eddy Martinez
|
0-0: Ball 1-0: Ball 2-0: Foul Ball, location: 2F 2-1: Ball 3-1: TRIPLE (Flyball, 89XD, EV 100.0 MPH) Bob Dernier scores Mike Cole scores
|
|
Pitching: RHP Dave Ford
|
|
|
Batting: RHB Joel Youngblood
|
0-0: Ball 1-0: Ball 2-0: Called Strike 2-1: Ball 3-1: 2-RUN HOME RUN (Flyball, 7D, EV 100.6 MPH), Distance : 371 ft
|
|
Batting: LHB Tom Dunbar
|
0-0: Ball 1-0: Ball 2-0: Called Strike 2-1: Foul Ball, location: 2F 2-2: Ball 3-2: Ground out 4-3 (Groundball, 4, EV 86.9 MPH)
|
|
Batting: RHB Heriberto Soltero
|
0-0: Foul Ball, location: 2F 0-1: Ball 1-1: Ground out 4-3 (Groundball, 34D, EV 101.9 MPH)
|
| Top of the 7th over - 5 runs, 3 hits, 0 errors, 0 left on base; San Diego 6 - San Francisco 1 |
| BOTTOM OF THE 7TH |
|
San Francisco Giants batting - Pitching for San Diego Padres : LHP Bryan Hardy
|
|
Pinch Hitting: RHB Dickie Thon
|
0-0: Ground out 6-3 (Groundball, 6, EV 79.4 MPH)
|
|
Batting: SHB Kevin Bass
|
0-0: Called Strike 0-1: Foul Ball, location: 2F 0-2: Foul Ball, location: 2F 0-2: SINGLE (Flyball, 89S, EV 93.1 MPH)
|
|
Batting: LHB Ken Griffey Sr
|
0-0: Foul Ball, location: 2F 0-1: Ball 1-1: Foul Ball, location: 2F 1-2: Fly out, F8 (Flyball, 78D, EV 103.8 MPH)
|
|
Batting: LHB Keith Hernandez
|
0-0: Ball 1-0: Called Strike 1-1: Foul Ball, location: 2F 1-2: Foul Ball, location: 2F 1-2: Strikes out looking
|
| Bottom of the 7th over - 0 runs, 1 hit, 0 errors, 1 left on base; San Diego 6 - San Francisco 1 |
| TOP OF THE 8TH |
|
San Diego Padres batting - Pitching for San Francisco Giants : RHP Dave Ford
|
|
Pitching: RHP Dan Neumeier
|
|
|
Batting: LHB Jeffrey Zitek
|
0-0: Ball 1-0: Foul Ball, location: 2F 1-1: Foul Ball, location: 2F 1-2: Strikes out swinging
|
|
Batting: RHB Bryan Hardy
|
0-0: SINGLE (Groundball, 6D, EV 95.6 MPH)
|
|
Batting: RHB Dennis Dungy
|
0-0: Ball 1-0: Foul Ball, location: 2F 1-1: Ball 2-1: Called Strike 2-2: Ground out 3-1 (Groundball, 34S, EV 85.6 MPH) Bryan Hardy to second
|
|
Batting: RHB Bob Dernier
|
0-0: Called Strike 0-1: Foul Ball, location: 2F 0-2: Fly out, F9 (Flyball, 9LM, EV 75.6 MPH)
|
| Top of the 8th over - 0 runs, 1 hit, 0 errors, 1 left on base; San Diego 6 - San Francisco 1 |
| BOTTOM OF THE 8TH |
|
San Francisco Giants batting - Pitching for San Diego Padres : LHP Bryan Hardy
|
|
Batting: RHB Phil Bailey
|
0-0: SINGLE (Groundball, 34D, EV 94.4 MPH)
|
|
Batting: RHB Don Slaught
|
0-0: Foul Ball, location: 2F 0-1: Grounds into double play, 4-6-3 (Groundball, 34, EV 107.5 MPH)
|
|
Batting: SHB Tyler O'Dell
|
0-0: Called Strike 0-1: Ball 1-1: Ball 2-1: Ground out 6-3 (Groundball, 6, EV 89.4 MPH)
|
| Bottom of the 8th over - 0 runs, 1 hit, 0 errors, 0 left on base; San Diego 6 - San Francisco 1 |
| TOP OF THE 9TH |
|
San Diego Padres batting - Pitching for San Francisco Giants : RHP Dan Neumeier
|
|
Batting: LHB Mike Cole
|
0-0: Ball 1-0: Foul Ball, location: 2F 1-1: SINGLE (Groundball, 5D, EV 102.5 MPH)
|
|
Batting: RHB Eddy Martinez
|
0-0: Fly out, F7 (Line Drive, 7, EV 98.1 MPH)
|
|
Pitching: RHP Wayne Twitchell
|
|
|
Batting: RHB Joel Youngblood
|
0-0: Ball 1-0: Called Strike 1-1: Ball 2-1: Foul Ball, location: 2F 2-2: Foul Ball, location: 2F 2-2: Strikes out swinging
|
|
Batting: LHB Tom Dunbar
|
0-0: Called Strike Mike Cole steals 2nd, throwing error, E2 Mike Cole to third 0-1: Swinging Strike 0-2: Ground out U3 (Groundball, 34, EV 86.3 MPH)
|
| Top of the 9th over - 0 runs, 1 hit, 1 error, 1 left on base; San Diego 6 - San Francisco 1 |
| BOTTOM OF THE 9TH |
|
San Francisco Giants batting - Pitching for San Diego Padres : LHP Bryan Hardy
|
|
Batting: RHB Kevin Howard
|
0-0: Ball 1-0: Called Strike 1-1: Foul Ball, location: 2F 1-2: Ground out 6-3 (Groundball, 6M, EV 90.6 MPH)
|
|
Batting: RHB Billy L Smith
|
0-0: Swinging Strike 0-1: Ball 1-1: Ground out 5-3 (Groundball, 56S, EV 86.9 MPH)
|
|
Pinch Hitting: LHB Kevin Christensen
|
0-0: Ball 1-0: Swinging Strike 1-1: Ball 2-1: Foul Ball, location: 2F 2-2: Foul Ball, location: 2F 2-2: Ground out 6-3 (Groundball, 6, EV 103.1 MPH)
|
| Bottom of the 9th over - 0 runs, 0 hits, 0 errors, 0 left on base; San Diego 6 - San Francisco 1 |
|